 Dungeon Crawl Stone Soup version 0.29-a0-1027-gcd8c55af63 (webtiles) character file.

Game seed: 1242443180717038410

123 quixfox the Conjurer (level 4, -5/30 HPs)
             Began as a Demonspawn Conjurer on Aug 13, 2022.
             Blown up by Ijyb (14 damage)
             ... with a mindburst bolt
             ... on level 3 of the Dungeon.
             The game lasted 00:06:14 (2736 turns).

quixfox the Conjurer (Demonspawn Conjurer)          Turns: 2736, Time: 00:06:15

Health: -5/30      AC:  2    Str:  8    XL:     4   Next: 79%
Magic:  5/9        EV: 12    Int: 21    God:
Gold:   122        SH:  0    Dex: 11    Spells: 9/10 levels left

rFire   . . .      SeeInvis .   c - +0 dagger
rCold   . . .      Faith    .   (no shield)
rNeg    . . .      Spirit   .   a - +0 robe
rPois   .          Reflect  .   (no helmet)
rElec   .          Harm     .   (no cloak)
rCorr   .          Rampage  .   (no gloves)
Will    .....                   (no boots)
Stlth   ++........              (no amulet)
HPRegen 0.10/turn               (no ring)
MPRegen 0.11/turn               (no ring)

@: no status effects
A: weakness stinger 1
a: no special abilities


You were on level 3 of the Dungeon.
You visited 1 branch of the dungeon, and saw 3 of its levels.

You collected 122 gold pieces.

Inventory:

Hand Weapons
 c - a +0 dagger (weapon)
Missiles
 k - a throwing net
Armour
 a - a +0 robe (worn)
Scrolls
 d - 2 scrolls of amnesia {unknown}
 e - a scroll of vulnerability
 f - a scroll of butterflies {unknown}
 g - a scroll of enchant weapon {unknown}
 j - a scroll of magic mapping {unknown}
 m - a scroll of immolation {unknown}
 n - a scroll of silence {unknown}
 o - 2 scrolls of summoning {unknown}
Potions
 b - a potion of magic
 h - a potion of resistance
 i - a potion of lignification
 l - a potion of heal wounds
 p - a potion of attraction {unknown}


   Skills:
 - Level 1.7 Dodging
 - Level 1.7 Stealth
 + Level 3.5 Spellcasting
 + Level 5.2 Conjurations


You had 9 spell levels left.
You knew the following spells:

 Your Spells              Type           Power      Damage    Failure   Level
a - Magic Dart            Conj           100%       1d8       1%          1

Your spell library contained the following spells:

 Spells                   Type           Power      Damage    Failure   Level
 Searing Ray              Conj           50%        2d6       2%          2
 Dazzling Flash           Conj/Hex       28%        N/A       13%         3
 Fulminant Prism          Conj/Hex       7%         3d7       38%         4
 Iskenderun's Mystic Bla  Conj/Tloc      14%        2d5       38%         4


Dungeon Overview and Level Annotations

Branches:
Dungeon (3/15)

Altars:

Annotations:
D:3 Ijyb


Innate Abilities, Weirdness & Mutations

You have a small tail.


Message History

An orc comes into view. It is wielding a +0 hand axe.
You aren't carrying any items that you can evoke.
It was a potion of heal wounds.
You feel much better.
Okay, then.
The magic dart hits Ijyb.
Ijyb is lightly wounded.
The magic dart hits Ijyb but does no damage.
Ijyb is lightly wounded.
An orc wizard comes into view. It is wielding a +0 dagger.
Ijyb barely misses you.
The magic dart hits Ijyb.
Ijyb is heavily wounded.
The orc wizard shouts!
The orc wizard gestures wildly while chanting.
The orc wizard flickers and vanishes!
Deactivating autopickup; reactivate with Ctrl-A.
Ijyb zaps a wand.
Your mind is blasted!
The magic dart hits Ijyb.
Ijyb is heavily wounded.
An orc comes into view. It is wielding a +0 mace.
Ijyb hits you with a +0 club.
You are too injured to fight recklessly!
You are too injured to fight recklessly!
You are too injured to fight recklessly!
You are too injured to fight recklessly!
You are too injured to fight recklessly!
You are too injured to fight recklessly!
You are too injured to fight recklessly!
You are too injured to fight recklessly!
You are too injured to fight recklessly!
You are too injured to fight recklessly!
You are too injured to fight recklessly!
You are too injured to fight recklessly!
You are too injured to fight recklessly!
Unknown command.
Ijyb attacks as you move away! Ijyb hits you with a +0 club.
* * * LOW HITPOINT WARNING * * *
Ijyb grins evilly.
Ijyb zaps a wand.
Your mind is blasted!
You die...

### .. #.## #.# # #...
... ###. #..# #.#
#....#..###.#
........@.#.###
.#..#g.#.#.#.. #..#
o.....o.#.#.#.# #..#
######.##.#.#.# #..#
..........#.# #..#
.....##.....####..#####
..................#....
...............#.##....
.#########.........'....


You could see Ijyb and an orc.

Vanquished Creatures
  3 gnolls (D:2)
  3 adders
  4 dart slugs
  An orc (D:2)
  7 ball pythons
  7 bats
  8 endoplasms
  A giant cockroach (D:2)
  3 goblins
  7 hobgoblins
  4 kobolds
  4 frilled lizards (D:1)
  4 rats (D:1)
56 creatures vanquished.

Vanquished Creatures (others)
  A plant (D:3)
1 creature vanquished.

Grand Total: 57 creatures vanquished

Notes
Turn   | Place    | Note
-------+----------+-------------------------------------------
     0 | D:1      | quixfox the Demonspawn Conjurer began the quest for the
                  | Orb.
     0 | D:1      | Reached XP level 1. HP: 13/13 MP: 3/3
   206 | D:1      | Gained mutation: You have a small tail. [demonic ancestry]
   206 | D:1      | Reached XP level 2. HP: 19/19 MP: 3/5
   687 | D:1      | Reached XP level 3. HP: 24/24 MP: 4/7
  1631 | D:2      | Reached XP level 4. HP: 21/30 MP: 0/8
  1892 | D:1      | Reached skill level 5 in Conjurations
  2730 | D:3      | Noticed Ijyb
  2736 | D:3      | Blown up by Ijyb

Illustrated notes

Levels and vault maps discovered:
D:1:      mrwooster_arrival_arrow, layout_loops_ring, corexii_leaking_fountain,
          chequers_jeans
D:2:      layout_rooms
D:3:      layout_basic, nicolae_hepliaklqana_hazy_memory,
          basic_ecumenical_altar, minmay_misc_feat_chi, uniq_ijyb

Skill      XL: |  1  2  3  4 |
---------------+-------------+-----
Spellcasting   | 3 |  3.5
Conjurations   | 5 |  5.2
Dodging        | |  1.7
Stealth        | |  1.7

Action                   |  1- 3 |  4- 6 || total
-------------------------+-------+-------++-------
Melee: Dagger            |       |     5 ||     5
 Cast: Magic Dart        |    85 |    52 ||   137
  Use: Scroll            |     3 |     1 ||     4
       Potion            |       |     2 ||     2
Dodge: Dodged            |     8 |    12 ||    20

Table legend: (Time is in decaauts)
 A = Elapsed time spent in this place.
 B = Non-inter-level travel time spent in this place.
 C = Inter-level travel time spent in this place.
 D = Time resting spent in this place.
 E = Time spent auto-exploring this place.
 F = Levels seen in this place.
 G = Mean time per level.
                   A        B        C        D        E       F      G
               +--------+--------+--------+--------+--------+-----+--------+
         Total |   2738 |   2689 |     49 |   1049 |   1307 |   3 |  912.7 |
       Dungeon |   2738 |   2689 |     49 |   1049 |   1307 |   3 |  912.7 |
               +--------+--------+--------+--------+--------+-----+--------+

Top non-repeatable levels by time:
     D:1: 1685 daAuts
     D:2: 973 daAuts
     D:3: 79 daAuts
